 Dungeon Crawl Stone Soup version 0.29.1-13-g9f3cf754e1 (webtiles) character file.

Game seed: 14491784705001289926

49 tizbic2 the Ogre Mage (level 3, -4/52 HPs)
             Began as an Ogre Transmuter on Feb 11, 2023.
             Slain by a gnoll
             ... wielding a +0 club
              (5 damage)
             ... on level 2 of the Dungeon.
             The game lasted 00:04:37 (1046 turns).

tizbic2 the Ogre Mage (Ogre Transmuter)             Turns: 1046, Time: 00:04:37

Health: -4/52      AC: 21    Str: 16    XL:     3   Next: 75%
Magic:  7/7        EV:  1    Int: 14    God:
Gold:   51         SH:  0    Dex:  9    Spells: 7/8 levels left

rFire   . . .      SeeInvis .   h - staff of death
rCold   . . .      Faith    .   (no shield)
rNeg    + . .      Spirit   .   (body armour currently unavailable)
rPois   +          Reflect  .   (helmet currently unavailable)
rElec   .          Harm     .   (cloak currently unavailable)
rCorr   .          Rampage  .   (gloves unavailable)
Will    .....      NoTele   +   (boots unavailable)
Stlth   +.........              (no amulet)
HPRegen 0.17/turn               (no ring)
MPRegen 0.10/turn               (no ring)

@: tree-form, hasted, very quick
A: stationary, stasis, torment immunity, boosted hp, large, unfitting armour,
(tough skin 1)
a: no special abilities


You were on level 2 of the Dungeon.
You were a tree.
You visited 1 branch of the dungeon, and saw 2 of its levels.

You collected 51 gold pieces.

Inventory:

Hand Weapons
 j - a +0 mace of draining
Missiles
 e - 14 stones
Armour
 a - a +0 robe (melded)
 g - a +0 kite shield
Magical Staves
 h - a staff of death (weapon)
Scrolls
 c - a scroll of enchant weapon {unknown}
 d - a scroll of identify
 i - a scroll of immolation


   Skills:
 + Level 2.0 Fighting
 * Level 1.1 Staves
 - Level 1.7 Dodging
 + Level 3.1 Unarmed Combat
 * Level 3.2 Spellcasting
 + Level 2.1 Transmutations


You had 7 spell levels left.
You knew the following spells:

 Your Spells              Type           Power      Damage    Failure   Level
a - Beastly Appendage     Tmut           16%        N/A       9%          1

Your spell library contained the following spells:

 Spells                   Type           Power      Damage    Failure   Level
 Wereblood                Tmut           8%         N/A       13%         2
 Apportation              Tloc           4%         N/A       22%         1
 Spider Form              Tmut/Pois      5%         N/A       38%         3
 Ice Form                 Ice/Tmut       5%         N/A       80%         4
 Alistair's Intoxication  Tmut/Pois      3%         N/A       98%         5


Dungeon Overview and Level Annotations

Branches:
Dungeon (2/15)

Altars:


Innate Abilities, Weirdness & Mutations

You are a tree.
Your roots penetrate the ground, keeping you stationary.
You cannot be teleported.
You are immune to unholy pain and torment.
Your maximum health is greatly increased.
Your equipment is partially melded.
You are too large for most types of armour.
((You have tough skin. (AC +1)))


Message History

You hit the gnoll.
The gnoll is moderately wounded.
The bat hits you but does no damage.
The gnoll hits you but does no damage. x2
The gnoll hits you from afar with a +0 spear.
* * * LOW HITPOINT WARNING * * *
You hit the gnoll.
The gnoll is heavily wounded.
The bat hits you but does no damage.
The gnoll hits you but does no damage. x3
You closely miss the gnoll.
The gnoll is heavily wounded.
The bat hits you but does no damage.
The gnoll hits you from afar with a +0 spear.
* * * LOW HITPOINT WARNING * * *
The gnoll hits you but does no damage.
You barely miss the gnoll.
The gnoll is heavily wounded.
The bat hits you but does no damage.
The gnoll hits you but does no damage. x2
You hit the gnoll.
The gnoll is severely wounded.
The bat hits you but does no damage.
The gnoll hits you from afar with a +0 spear.
* * * LOW HITPOINT WARNING * * *
The gnoll hits you but does no damage. The bat hits you but does no damage.
You hit the gnoll but do no damage.
The gnoll is severely wounded.
The bat hits you but does no damage.
The gnoll hits you but does no damage. x2
You hit the gnoll.
You kill the gnoll!
The bat hits you but does no damage. The gnoll hits you but does no damage.
Your Staves skill increases to level 1!
You hit the gnoll.
The gnoll is lightly wounded.
The bat hits you but does no damage.
The gnoll hits you from afar with a +0 spear.
* * * LOW HITPOINT WARNING * * *
The gnoll hits you but does no damage. The bat hits you but does no damage.
The gnoll hits you but does no damage.
You feel yourself speed up. The bat hits you but does no damage.
The gnoll hits you with a +0 club.
You die...

#.##.# # #.##.# #.
####.##.#
#..#######....##.# #
##..#..........##.### (#
........†...........##.####
#.#.#...)..................
#.#....##.###..##.#..###.##
#.#..#..#.###b.♣g....#
#.#.###....##..##g#..###..#
#.#..#..#..##>.###........#
##.#....##..##..#
##)##.##..
..<....###....... ..# ...
.####..# #.##.. .... ....
#..# .##..#...... b...
#.... .....#...~... ~..
#..... .. ##.......


You could see 2 gnolls and a bat.

Vanquished Creatures
  2 gnolls (D:2)
  3 ball pythons (D:1)
  A bat (D:1)
  An endoplasm (D:1)
  2 giant cockroaches (D:1)
  2 goblins (D:1)
  2 hobgoblins (D:1)
  5 kobolds
  2 quokkas (D:1)
  2 frilled lizards (D:2)
  5 rats (D:1)
27 creatures vanquished.

Notes
Turn   | Place    | Note
-------+----------+-------------------------------------------
     0 | D:1      | tizbic2 the Ogre Transmuter began the quest for the Orb.
     0 | D:1      | Reached XP level 1. HP: 19/19 MP: 3/3
   386 | D:1      | Reached XP level 2. HP: 27/27 MP: 3/5
   742 | D:1      | Found a faded altar of an unknown god.
   771 | D:1      | Reached XP level 3. HP: 33/35 MP: 5/7
  1045 | D:2      | Reached skill level 1 in Staves
  1045 | D:2      | HP: 1/52 [gnoll/+0 spear (6)]
  1046 | D:2      | Slain by a gnoll

Illustrated notes

Levels and vault maps discovered:
D:1:      lightli_arrival_isolated_outpost, layout_basic,
          hellmonk_ecumenical_altar_blasted, minmay_vboxes
D:2:      layout_loops_ring, skrybe_limestone_x

Skill      XL: |  1  2  3 |
---------------+----------+-----
Unarmed Combat | 3 |  3.1
Transmutations | 2 |  2.1
Spellcasting   | 3 |  3.2
Fighting       | 2 |  2.0
Staves         | 1 |  1.1
Dodging        | |  1.7

Action                   || total
-------------------------++-------
Melee: Unarmed           ||    23
       Kick              ||    16
       Headbutt          ||     7
       Staff             ||    63
       Punch             ||     1
 Cast: Beastly Appendage ||    17
  Use: Scroll            ||     3
       Potion            ||     2
Armor: Robe              ||    31
       Skin              ||    28
Dodge: Dodged            ||    47
